 Dungeon Crawl Stone Soup version 0.31-a0-165-g3f4f80340b (webtiles) character file.

Game seed: 9692621022510857412

8284 qw the Skirmisher (level 11, -2/71 HPs)
             Began as a Gargoyle Hunter on June 13, 2023.
             Slain by a killer bee (3 damage)
             ... on level 9 of the Dungeon.
             The game lasted 00:04:11 (9041 turns).

qw the Skirmisher (Gargoyle Hunter)                 Turns: 9041, Time: 00:04:12

Health: -2/71      AC: 18    Str: 15    XL:     11   Next: 28%
Magic:  11/11      EV: 15    Int: 10    God:
Gold:   350        SH:  0    Dex: 23    Spells: 10/10 levels left

rFire   . . .        p - +0 orcbow (heavy)
rCold   + . .        (shield currently unavailable)
rNeg    + . .        l - +2 leather armour {rC+}
rPois   inf          (no helmet)
rElec   +            g - +0 cloak
rCorr   .            d - +2 pair of gloves
SInv    +            q - +0 pair of boots
Will    .....        s - amulet of regeneration
Stlth   ++           e - +6 ring of dexterity
HPRegen 1.11/turn    h - ring of see invisible
MPRegen 0.12/turn

%: no passive effects
@: about to teleport
A: sickness immunity, AC +8, negative energy resistance 1, electricity
resistance, torment resistance 1, petrification resistance
a: no special abilities


You were on level 9 of the Dungeon.
You visited 2 branches of the dungeon, and saw 10 of its levels.

You collected 504 gold pieces.
You spent 154 gold pieces at shops.


Innate Abilities, Weirdness & Mutations

You are immune to sickness and miasma.
Your stone body is resilient. (AC +8)
You are immune to poison.
You resist negative energy. (rN+)
You are resistant to electric shocks. (rElec)
You are resistant to unholy torment.
You are immune to petrification.


   Skills:
 + Level 9.6 Fighting
 - Level 14.0 Ranged Weapons
 - Level 3.0 Armour
 - Level 5.0 Dodging
 - Level 1.1 Stealth


You had 10 spell levels left.
You didn't know any spells.
Your spell library was empty.

Inventory:

Hand Weapons
 p - a +0 heavy orcbow (weapon)
Armour
 d - a +2 pair of gloves (worn)
 g - a +0 cloak (worn)
 l - a +2 leather armour of cold resistance (worn)
 q - a +0 pair of boots (worn)
 r - a +1 cloak
Jewellery
 e - a +6 ring of dexterity (left hand)
 h - a ring of see invisible (right hand)
 k - a ring of ice
 m - a ring of resist corrosion
 s - an amulet of regeneration (around neck)
 v - a +4 ring of slaying {mikee}
Wands
 n - a wand of digging (3)
Scrolls
 b - 5 scrolls of identify
 o - a scroll of teleportation
Potions
 a - 3 potions of cancellation
 c - 5 potions of curing
 f - a potion of lignification
 i - 2 potions of attraction
 j - 3 potions of might
 u - a potion of haste

Dungeon Overview and Level Annotations

Branches:
Dungeon (9/15)             Temple (1/1) D:5
   Lair: D:8-11         Orc: D:9-12

Altars:
Ashenzari
Cheibriados
Dithmenos
Fedhas
Gozag
Hepliaklqana
Kikubaaqudgha
Makhleb
Nemelex Xobeh
Qazlal
Ru
Sif Muna
Trog
Uskayaw
Vehumet
Wu Jian
Yredelemnul
Zin
The Shining One

Shops:
D:4 [!(

Annotations:
D:3 3 runed translucent doors, qw's ghost, amateur GrFi; qw's ghost, amateur NaHu


Message History

The killer bee closely misses you. The killer bee stings you.
The killer bee stings you but does no damage.
The killer bee stings you! The killer bee misses you. x2
You shoot an arrow. The arrow hits the killer bee!!
You kill the killer bee!
The killer bee misses you. The killer bee stings you!
The killer bee closely misses you. x3
You shoot an arrow. The arrow barely misses the killer bee.
The killer bee closely misses you.
The killer bee stings you but does no damage.
The killer bee misses you. The killer bee barely misses you. x2
The killer bee closely misses you.
The killer bee stings you but does no damage.
The killer bee closely misses you. The killer bee misses you.
The killer bee barely misses you. The killer bee misses you.
The killer bee stings you.
You shoot an arrow. The arrow misses the killer bee.
The killer bee stings you. The killer bee stings you!
The killer bee stings you.
The killer bee stings you but does no damage. x2
The killer bee completely misses you. The killer bee barely misses you.
The killer bee closely misses you.
9040 ||| READING 2 scrolls of teleportation.
As you read the scroll of teleportation, it crumbles to dust.
You feel strangely unstable.
The killer bee stings you but does no damage.
The killer bee barely misses you. x3
The killer bee stings you but does no damage. x2
The killer bee misses you.
A killer bee comes into view.
The killer bee stings you but does no damage.
You shoot an arrow. The arrow hits the killer bee.
The killer bee is lightly wounded.
You hear an angry buzzing noise.
The killer bee stings you. The killer bee stings you!
The killer bee closely misses you. The killer bee barely misses you. x2
The killer bee stings you!
The killer bee stings you but does no damage.
The killer bee misses you. The killer bee closely misses you.
The killer bee stings you.
You die...

#.#.#.#.#.#.#.#.#.
.#.#.#.#.#.#.#.#'.
#.#.#.#.#.#.#.#.#.
#.##.#............ #
#.##.######.#.....
#y#
#.##.:......#.##.#
.y
#.............#...
#.#y#####...###.#..#
#yy@....##### ### ..
#.yy....# #........#
#........#
#........#
#.#.####.# #.#.# .#
#.#.# #


You could see 7 killer bees.

Vanquished Creatures
  2 two-headed ogres
  Pikel (D:8)
  A manticore (D:9)
  Maurice (D:9)
  A gargoyle (D:8)
  A troll (D:7)
  A hornet (D:9)
  Grinder (D:4)
  Prince Ribbit (D:8)
  8 yaks
  A wraith (D:9)
  A wyvern (D:8)
  A shadow (D:9)
  Duvessa (D:4)
  A sky beast (D:6)
  2 black bears
  4 centaurs
  A phantom (D:3)
  A kobold brigand (D:8)
  A bullfrog (D:8)
  Dowan (D:4)
  6 wights
  11 killer bees
  4 howler monkeys (D:9)
  4 hounds
  6 jellies
  3 gnoll boudas
  2 sleepcaps
  5 orc priests
  4 iguanas
  8 orc wizards
  23 gnolls
  9 adders
  2 shadow imps
  3 white imps
  An ufetubus (D:4)
  A worm (D:2)
  5 dart slugs
  28 orcs
  6 ball pythons
  4 endoplasms
  3 giant cockroaches
  7 goblins
  13 hobgoblins
  4 jackals (D:4)
  15 kobolds
  3 quokkas
  9 bats
  2 frilled lizards
  5 rats
229 creatures vanquished.

Vanquished Creatures (others)
  An orc (D:9)
1 creature vanquished.

Grand Total: 230 creatures vanquished

Notes
Turn   | Place    | Note
-------+----------+-------------------------------------------
     0 | D:1      | qw the Gargoyle Hunter began the quest for the Orb.
     0 | D:1      | Reached XP level 1. HP: 12/12 MP: 1/1
     0 | D:1      | 0 ||| qw: Version: 0.2-a-29-gc1b59c4
     0 | D:1      | 0 ||| qw: Game counter: 4734
     0 | D:1      | 0 ||| qw: Always use a shield: true
     0 | D:1      | 0 ||| qw: God list: Okawaru
     0 | D:1      | 0 ||| qw: Allow faded altars: false
     0 | D:1      | 0 ||| qw: Do Orc after D:15 true
     0 | D:1      | 0 ||| qw: Do second Lair branch before Depths: true
     0 | D:1      | 0 ||| qw: Lair rune preference: random
     0 | D:1      | 0 ||| qw: Plans: Normal, Zot:1-4, Slime:5, God:TSO, Crypt,
                  | Tomb, Abyss, Pan, Hells, Win
     0 | D:1      | 0 ||| PLANNING D:1-11
    25 | D:1      | 25 ||| FLEEEEING.
    26 | D:1      | 26 ||| FLEEEEING.
    27 | D:1      | 27 ||| FLEEEEING.
    28 | D:1      | 28 ||| FLEEEEING.
    29 | D:1      | 29 ||| FLEEEEING.
    30 | D:1      | 30 ||| FLEEEEING.
    31 | D:1      | 31 ||| FLEEEEING.
    32 | D:1      | 32 ||| FLEEEEING.
   118 | D:1      | Reached XP level 2. HP: 17/17 MP: 2/2
   700 | D:1      | 700 ||| FLEEEEING.
   701 | D:1      | 701 ||| FLEEEEING.
   702 | D:1      | 702 ||| FLEEEEING.
   713 | D:1      | Reached XP level 3. HP: 14/21 MP: 3/3
   923 | D:1      | 923 ||| UPGRADING to +1 pair of gloves.
   928 | D:1      | 928 ||| UPGRADING to +0 cloak.
   933 | D:1      | 933 ||| UPGRADING to +6 ring of dexterity.
   934 | D:1      | 934 ||| UPGRADING to ring of see invisible.
   935 | D:1      | 935 ||| READING scroll labelled KUAPOR JIBROC.
   936 | D:1      | 936 ||| READING 2 scrolls labelled RATANN LUNIG.
   937 | D:1      | 937 ||| READING scroll labelled SUTITU ANWO.
   938 | D:1      | 938 ||| DROPPING scroll of butterflies.
   939 | D:1      | 939 ||| DROPPING scroll of fear.
   970 | D:2      | Reached skill level 5 in Ranged Weapons
  1364 | D:2      | 1364 ||| READING 2 scrolls labelled KOXKEUNAJE.
  1410 | D:3      | Reached skill level 3 in Fighting
  1413 | D:3      | Reached XP level 4. HP: 28/28 MP: 4/4
  1648 | D:3      | Found a runed translucent gate.
  1649 | D:3      | Found a runed translucent gate.
  1649 | D:3      | Found a runed translucent gate.
  1652 | D:3      | Noticed qw's ghost (amateur NaHu)
  1652 | D:3      | Noticed qw's ghost (amateur GrFi)
  1654 | D:3      | Noticed qw's ghost (amateur GrFi)
  1677 | D:3      | Reached skill level 1 in Armour
  1709 | D:3      | 1709 ||| FLEEEEING.
  1710 | D:3      | 1710 ||| FLEEEEING.
  1711 | D:3      | 1711 ||| FLEEEEING.
  1712 | D:3      | 1712 ||| FLEEEEING.
  1713 | D:3      | 1713 ||| FLEEEEING.
  1714 | D:3      | 1714 ||| FLEEEEING.
  1715 | D:3      | 1715 ||| FLEEEEING.
  1717 | D:3      | 1717 ||| STAIRDANCE
  1731 | D:2      | 1731 ||| DRINKING 2 grey potions.
  1732 | D:2      | 1732 ||| DRINKING 2 viscous amethyst potions.
  1733 | D:2      | 1733 ||| READING 2 scrolls of identify.
  1733 | D:2      | 1733 ||| IDENTIFYING bubbling ruby potion
  1739 | D:3      | 1739 ||| STAIRDANCE
  1744 | D:2      | Reached XP level 5. HP: 24/32 MP: 5/5
  1834 | D:3      | 1834 ||| FLEEEEING.
  1835 | D:3      | 1835 ||| FLEEEEING.
  1860 | D:3      | Reached skill level 6 in Ranged Weapons
  1929 | D:3      | Found a faded altar of an unknown god.
  2009 | D:3      | Reached XP level 6. HP: 37/37 MP: 6/6
  2024 | D:3      | HP: 8/38 [orc/+0 mace of protection (3)]
  2025 | D:3      | 2025 ||| DRINKING potion of heal wounds.
  2141 | D:3      | 2141 ||| FLEEEEING.
  2142 | D:3      | 2142 ||| FLEEEEING.
  2143 | D:3      | 2143 ||| FLEEEEING.
  2144 | D:3      | 2144 ||| FLEEEEING.
  2145 | D:3      | 2145 ||| FLEEEEING.
  2146 | D:3      | 2146 ||| FLEEEEING.
  2147 | D:3      | 2147 ||| FLEEEEING.
  2148 | D:3      | 2148 ||| FLEEEEING.
  2149 | D:3      | 2149 ||| FLEEEEING.
  2150 | D:3      | 2150 ||| FLEEEEING.
  2151 | D:3      | 2151 ||| FLEEEEING.
  2152 | D:3      | 2152 ||| FLEEEEING.
  2153 | D:3      | 2153 ||| FLEEEEING.
  2155 | D:3      | 2155 ||| FLEEEEING.
  2157 | D:3      | 2157 ||| FLEEEEING.
  2159 | D:3      | 2159 ||| FLEEEEING.
  2160 | D:3      | 2160 ||| FLEEEEING.
  2161 | D:3      | 2161 ||| FLEEEEING.
  2162 | D:3      | 2162 ||| FLEEEEING.
  2163 | D:3      | 2163 ||| FLEEEEING.
  2164 | D:3      | 2164 ||| FLEEEEING.
  2165 | D:3      | 2165 ||| FLEEEEING.
  2167 | D:3      | 2167 ||| FLEEEEING.
  2168 | D:3      | 2168 ||| FLEEEEING.
  2169 | D:3      | 2169 ||| FLEEEEING.
  2170 | D:3      | 2170 ||| FLEEEEING.
  2171 | D:3      | 2171 ||| FLEEEEING.
  2172 | D:3      | 2172 ||| FLEEEEING.
  2173 | D:3      | 2173 ||| FLEEEEING.
  2174 | D:3      | 2174 ||| FLEEEEING.
  2175 | D:3      | 2175 ||| FLEEEEING.
  2176 | D:3      | 2176 ||| FLEEEEING.
  2177 | D:3      | 2177 ||| FLEEEEING.
  2178 | D:3      | 2178 ||| FLEEEEING.
  2179 | D:3      | 2179 ||| FLEEEEING.
  2180 | D:3      | 2180 ||| STAIRDANCE
  2197 | D:2      | 2197 ||| UPGRADING to +2 leather armour of cold resistance.
  2207 | D:2      | 2207 ||| DROPPING +0 leather armour.
  2328 | D:3      | You fall into a shaft and drop 1 floor!
  2458 | D:4      | Reached XP level 7. HP: 44/44 MP: 7/7
  2740 | D:4      | Noticed Dowan
  2742 | D:4      | Noticed Duvessa
  2756 | D:4      | Killed Duvessa
  2757 | D:4      | Reached skill level 7 in Ranged Weapons
  2762 | D:4      | Killed Dowan
  2888 | D:4      | 2888 ||| READING scroll labelled QESSUXKACASCH.
  2921 | D:4      | 2921 ||| READING scroll labelled GIYSEO VONAFO.
  2925 | D:4      | 2925 ||| READING 2 scrolls of identify.
  2925 | D:4      | 2925 ||| IDENTIFYING bubbling coppery potion
  2950 | D:4      | Found Ypaip's Weapon Shoppe.
  3027 | D:3      | Found a burning altar of Makhleb.
  3435 | D:4      | Reached skill level 8 in Ranged Weapons
  3479 | D:4      | Found Pixkoxt's Distillery.
  3479 | D:4      | Found Tittumn's Antique Armour Shoppe.
  3487 | D:4      | 3487 ||| BUYING potion of cancellation (88 gold).
  3487 | D:4      | Bought a potion of cancellation for 88 gold pieces
  3487 | D:4      | 3487 ||| BUYING potion of curing (33 gold).
  3487 | D:4      | Bought a potion of curing for 33 gold pieces
  3487 | D:4      | 3487 ||| SHOPLISTING potion of haste (110 gold, have 41).
  3487 | D:4      | 3487 ||| SHOPLISTING potion of heal wounds (55 gold, have
                  | 41).
  3487 | D:4      | 3487 ||| BUYING potion of lignification (33 gold).
  3487 | D:4      | Bought a potion of lignification for 33 gold pieces
  3487 | D:4      | 3487 ||| SHOPLISTING potion of mutation (88 gold, have 8).
  3487 | D:4      | 3487 ||| SHOPLISTING potion of resistance (110 gold, have
                  | 8).
  3822 | D:4      | Noticed Grinder
  3829 | D:4      | Killed Grinder
  3830 | D:4      | Reached XP level 8. HP: 43/49 MP: 8/8
  4210 | D:4      | 4210 ||| READING scroll labelled IGHIH KYESH.
  4311 | D:4      | 4311 ||| READING scroll labelled GORUPE TIPT.
  4312 | D:4      | 4312 ||| READING scroll labelled IPI DOGGASI.
  4619 | D:5      | Entered Level 5 of the Dungeon
  4620 | D:5      | 4620 ||| STAIRDANCE
  4624 | D:5      | 4624 ||| STAIRDANCE
  4628 | D:5      | 4628 ||| STAIRDANCE
  4632 | D:5      | 4632 ||| STAIRDANCE
  4636 | D:5      | 4636 ||| STAIRDANCE
  4644 | D:5      | 4644 ||| STAIRDANCE
  4654 | D:5      | 4654 ||| STAIRDANCE
  4658 | D:5      | 4658 ||| STAIRDANCE
  4662 | D:5      | 4662 ||| STAIRDANCE
  4666 | D:5      | 4666 ||| STAIRDANCE
  4670 | D:5      | 4670 ||| STAIRDANCE
  4674 | D:5      | 4674 ||| STAIRDANCE
  4678 | D:5      | 4678 ||| STAIRDANCE
  4682 | D:5      | 4682 ||| STAIRDANCE
  4686 | D:5      | 4686 ||| STAIRDANCE
  4690 | D:5      | 4690 ||| STAIRDANCE
  4694 | D:5      | 4694 ||| STAIRDANCE
  4698 | D:5      | 4698 ||| STAIRDANCE
  4702 | D:5      | 4702 ||| STAIRDANCE
  4706 | D:5      | 4706 ||| STAIRDANCE
  4720 | D:4      | Reached skill level 9 in Ranged Weapons
  4721 | D:4      | 4721 ||| SHOPLISTING +0 orcbow (38 gold, have 18).
  5003 | D:5      | Reached skill level 3 in Dodging
  5034 | D:5      | Found a staircase to the Ecumenical Temple.
  5035 | D:5      | 5035 ||| PLANNING TEMPLE
  5037 | D:5      | 5037 ||| FLEEEEING.
  5038 | D:5      | 5038 ||| FLEEEEING.
  5041 | D:5      | 5041 ||| FLEEEEING.
  5042 | D:5      | 5042 ||| FLEEEEING.
  5043 | D:5      | 5043 ||| FLEEEEING.
  5044 | D:5      | 5044 ||| FLEEEEING.
  5045 | D:5      | 5045 ||| FLEEEEING.
  5056 | D:5      | 5056 ||| FLEEEEING.
  5057 | D:5      | 5057 ||| FLEEEEING.
  5058 | D:5      | 5058 ||| FLEEEEING.
  5059 | D:5      | 5059 ||| FLEEEEING.
  5066 | D:5      | 5066 ||| FLEEEEING.
  5067 | D:5      | 5067 ||| FLEEEEING.
  5068 | D:5      | 5068 ||| FLEEEEING.
  5069 | D:5      | 5069 ||| FLEEEEING.
  5070 | D:5      | 5070 ||| FLEEEEING.
  5071 | D:5      | 5071 ||| FLEEEEING.
  5072 | D:5      | 5072 ||| FLEEEEING.
  5084 | D:5      | 5084 ||| FLEEEEING.
  5085 | D:5      | 5085 ||| FLEEEEING.
  5086 | D:5      | 5086 ||| FLEEEEING.
  5087 | D:5      | 5087 ||| FLEEEEING.
  5094 | D:5      | 5094 ||| FLEEEEING.
  5095 | D:5      | 5095 ||| FLEEEEING.
  5095 | D:5      | HP: 11/49 [orc priest/divine providence (12)]
  5096 | D:5      | 5096 ||| FLEEEEING.
  5097 | D:5      | 5097 ||| FLEEEEING.
  5102 | D:5      | 5102 ||| FLEEEEING.
  5103 | D:5      | 5103 ||| FLEEEEING.
  5109 | D:5      | 5109 ||| FLEEEEING.
  5110 | D:5      | 5110 ||| FLEEEEING.
  5111 | D:5      | 5111 ||| FLEEEEING.
  5112 | D:5      | 5112 ||| FLEEEEING.
  5113 | D:5      | 5113 ||| FLEEEEING.
  5114 | D:5      | 5114 ||| FLEEEEING.
  5230 | D:5      | 5230 ||| UPGRADING to +0 pair of boots.
  5235 | D:5      | 5235 ||| DROPPING ring of willpower.
  5236 | D:5      | 5236 ||| DROPPING +6 ring of strength.
  5237 | D:5      | 5237 ||| DROPPING ring of wizardry.
  5238 | D:5      | 5238 ||| READING scroll labelled QEOSILO TIHUMU.
  5239 | D:5      | 5239 ||| READING scroll labelled HAOTUE VARRU.
  5240 | D:5      | 5240 ||| READING scroll labelled NATO UPOFIR.
  5241 | D:5      | 5241 ||| READING 2 scrolls of identify.
  5241 | D:5      | 5241 ||| IDENTIFYING green potion
  5319 | D:5      | 5319 ||| Stepping ~*~*~tactically~*~*~ (outnumbered).
  5321 | D:5      | 5321 ||| Stepping ~*~*~tactically~*~*~ (outnumbered).
  5468 | Temple   | Entered the Ecumenical Temple
  5505 | Temple   | 5505 ||| PLANNING D:1-11
  5530 | D:5      | 5530 ||| Stepping ~*~*~tactically~*~*~ (outnumbered).
  5532 | D:5      | 5532 ||| Stepping ~*~*~tactically~*~*~ (outnumbered).
  5607 | D:5      | Reached skill level 6 in Fighting
  6013 | D:6      | Noticed a two-headed ogre
  6019 | D:6      | Killed a two-headed ogre
  6020 | D:6      | Reached skill level 10 in Ranged Weapons
  6020 | D:6      | Reached XP level 9. HP: 42/55 MP: 9/9
  6065 | D:6      | 6065 ||| FLEEEEING.
  6066 | D:6      | 6066 ||| FLEEEEING.
  6067 | D:6      | 6067 ||| FLEEEEING.
  6068 | D:6      | 6068 ||| FLEEEEING.
  6072 | D:6      | 6072 ||| FLEEEEING.
  6073 | D:6      | 6073 ||| FLEEEEING.
  6074 | D:6      | 6074 ||| FLEEEEING.
  6075 | D:6      | 6075 ||| FLEEEEING.
  6076 | D:6      | 6076 ||| FLEEEEING.
  6077 | D:6      | 6077 ||| FLEEEEING.
  6078 | D:6      | 6078 ||| FLEEEEING.
  6080 | D:6      | 6080 ||| FLEEEEING.
  6081 | D:6      | 6081 ||| FLEEEEING.
  6082 | D:6      | 6082 ||| FLEEEEING.
  6083 | D:6      | 6083 ||| FLEEEEING.
  6084 | D:6      | 6084 ||| FLEEEEING.
  6085 | D:6      | 6085 ||| FLEEEEING.
  6086 | D:6      | 6086 ||| STAIRDANCE
  6305 | D:6      | 6305 ||| UPGRADING to amulet of guardian spirit.
  6310 | D:6      | 6310 ||| READING 3 scrolls of identify.
  6310 | D:6      | 6310 ||| IDENTIFYING bubbling inky potion
  6311 | D:6      | 6311 ||| DROPPING potion of ambrosia.
  6779 | D:7      | Noticed a troll
  6785 | D:7      | Killed a troll
  6786 | D:7      | Reached skill level 11 in Ranged Weapons
  6875 | D:7      | Reached skill level 3 in Armour
  7113 | D:7      | Found a shimmering blue altar of Sif Muna.
  7113 | D:7      | Found a radiant altar of Vehumet.
  7113 | D:7      | Found an ornate altar of the Wu Jian Council.
  7242 | D:7      | 7242 ||| SWAPPING to +0 orcbow.
  7243 | D:7      | 7243 ||| DROPPING +1 heavy shortbow.
  7388 | D:8      | Noticed Pikel
  7404 | D:8      | Killed Pikel
  7405 | D:8      | Reached XP level 10. HP: 40/65 MP: 5/10
  7928 | D:8      | Noticed a two-headed ogre
  7931 | D:8      | Noticed a gargoyle
  7939 | D:8      | Killed a gargoyle
  7949 | D:8      | HP: 12/65 [two-headed ogre/+0 giant club (7)]
  7950 | D:8      | 7950 ||| READING 3 scrolls of teleportation.
  7951 | D:8      | 7951 ||| DRINKING potion of heal wounds.
  7952 | D:8      | Killed a two-headed ogre
  7953 | D:8      | Reached skill level 12 in Ranged Weapons
  8130 | D:8      | Noticed Prince Ribbit
  8138 | D:8      | Killed Prince Ribbit
  8226 | D:8      | 8226 ||| READING scroll of brand weapon.
  8226 | D:8      | 8226 ||| BRANDING +0 orcbow.
  8540 | D:8      | 8540 ||| UPGRADING to amulet of regeneration.
  8550 | D:8      | 8550 ||| DROPPING amulet of guardian spirit.
  8582 | D:9      | 8582 ||| Stepping ~*~*~tactically~*~*~ (outnumbered).
  8587 | D:9      | Reached skill level 13 in Ranged Weapons
  8608 | D:9      | Noticed a manticore
  8613 | D:9      | Killed a manticore
  8614 | D:9      | Reached skill level 9 in Fighting
  8650 | D:9      | Reached XP level 11. HP: 67/71 MP: 11/11
  8812 | D:9      | Found a shadowy altar of Dithmenos.
  8939 | D:9      | Noticed Maurice
  8944 | D:9      | Killed Maurice
  8952 | D:9      | 8952 ||| READING scroll of enchant armour.
  8952 | D:9      | 8952 ||| ENCHANTING +1 pair of gloves.
  9031 | D:9      | Reached skill level 14 in Ranged Weapons
  9039 | D:9      | HP: 16/71 [killer bee (3)]
  9040 | D:9      | 9040 ||| READING 2 scrolls of teleportation.
  9041 | D:9      | HP: 1/71 [killer bee (7)]
  9041 | D:9      | Slain by a killer bee

Levels and vault maps discovered:
D:1:      lightli_arrival_boilingwater, layout_basic, chequers_garden,
          minmay_hedge_maze, st_stairs_13, nicolae_wormholes
D:2:      layout_rooms, patterned_corridor
D:3:      layout_basic, marbit_many_paths, gammafunk_ghost_cemetery,
          ebering_ecumenical_altar_abandoned, hex_intersection,
          grunt_decor_resistance
D:4:      kennysheep_six_static_rooms, layout_layer_cave,
          nicolae_shop_distant_corner_stores, amcnicky_mini_corridor_feature,
          grunt_ministairs_6, uniq_grinder, uniq_duvessa
D:5:      layout_basic, minmay_temple_entry_proselytizer, roderic_lattice_a,
          kennysheep_generic_room_16
D:6:      layout_basic
D:7:      layout_basic, gammafunk_temple_overflow_forgotten
D:8:      layout_loops_corners, minmay_chambers_of_fives, uniq_pikel,
          uniq_prince_ribbit1
D:9:      layout_basic, grunt_dithmenos_smoke_and_mirrors,
          nicolae_overflow_two_pavilions, special_room [special_room_bee],
          uniq_maurice
Temple:   nicolae_temple_ecumenical_triangle

Skill      XL: |  1  2  3  4  5  6  7  8  9 10 11 |
---------------+----------------------------------+-----
Ranged Weapons | 5 6 8 10 11 13 14 | 14.0
Fighting       | 3 4 5 6 8 9 |  9.6
Armour         | 1 2 3 |  3.0
Dodging        | 2 3 4 5 |  5.0
Stealth        | |  1.1

Action                     |  1- 3 |  4- 6 |  7- 9 | 10-12 || total
---------------------------+-------+-------+-------+-------++-------
   Fire: Shortbow          |   146 |   187 |   302 |       ||   635
         Orcbow            |       |       |    16 |   227 ||   243
    Use: Scroll            |     4 |     1 |    11 |     4 ||    20
         Potion            |       |     3 |       |     1 ||     4
 Armour: Leather armour    |    29 |    62 |    61 |    98 ||   250
  Dodge: Dodged            |    38 |    64 |   123 |   220 ||   445

Table legend:
 A = Non-vault XP
 B = Vault XP
 C = Vault XP percentage of total XP
 D = Non-vault monster count
 E = Vault monster count
 F = Vault count percentage of total count
                 A         B        C        D         E       F
            +---------+---------+-------+---------+---------+-------
      Total |    7841 |    3994 |  33.7 |     197 |      32 |  14.0
            +---------+---------+-------+---------+---------+-------
        D:1 |      32 |       2 |   5.9 |      18 |       2 |  10.0
        D:2 |      74 |       5 |   6.3 |      15 |       1 |   6.2
        D:3 |     443 |       1 |   0.2 |      39 |       1 |   2.5
        D:4 |     232 |     671 |  74.3 |      21 |      11 |  34.4
        D:5 |     469 |      65 |  12.2 |      20 |       3 |  13.0
        D:6 |    1309 |       0 |   0.0 |      15 |       0 |   0.0
        D:7 |    1011 |       0 |   0.0 |      14 |       0 |   0.0
        D:8 |    1836 |    2389 |  56.5 |      33 |       7 |  17.5
        D:9 |    2435 |     861 |  26.1 |      22 |       7 |  24.1
            +---------+---------+-------+---------+---------+-------
